Map: Frozen Temple

Players

Enther - Winner!

  • Race: Terran Terran
  • League: Platinum

blackxored

  • Race: Zerg Zerg
  • League: Diamond

VOD

Have the link to the VOD?

Description

Time

  • Played on: June 19, 2016, 5:29 p.m.
  • Length: 7:15
Show
View Real Time Build Order
Export as new Build Order

Enther Terran - Winner!

Build Orders: Reaper Expand 

Get SALT Encoding   

  12  0:01  SCV  
  13  0:13  SCV  
  14  0:18  Supply Depot  
  14  0:25  SCV  
  15  0:40  SCV  
  15  0:41  Barracks  
  16  0:45  Refinery  
  16  0:52  SCV  
  17  1:04  SCV  
  18  1:16  SCV  
  19  1:28  Orbital Command  
  19  1:30  Reaper  
  20  1:41  Command Center  
  20  1:55  Barracks, SCV  
  21  2:03  Barracks Reactor  
  22  2:08  SCV  
  22  2:12  Supply Depot  
  22  2:20  SCV  
  22  2:22  Factory  
  23  2:26  Refinery  
  23  2:34  SCV  
  24  2:46  Barracks Tech Lab, SCV  
  25  2:58  Marine, SCV  
  27  2:59  Marine  
  27  3:01  Orbital Command  
  28  3:26  SCV  
  30  3:27  SCV  
  30  3:30  Factory Reactor  
  30  3:31  Starport, Stimpack  
  30  3:32  Marine x3  
  33  3:38  SCV  
  33  3:39  SCV  
  35  3:43  Supply Depot  
  35  3:50  Marine, SCV  
  35  3:51  SCV  
  35  3:55  Marine x2  
  39  4:02  SCV  
  40  4:03  SCV  
  40  4:06  Supply Depot  
  40  4:08  Marine  
  42  4:12  Marine  
  42  4:14  SCV  
  42  4:15  SCV  
  46  4:17  Medivac x2, Widow Mine  
  46  4:21  Marine  
  52  4:25  Marine  
  52  4:26  SCV  
  52  4:28  SCV  
  52  4:30  Supply Depot  
  52  4:31  Marine  
  56  4:38  Supply Depot, SCV  
  56  4:39  Marine  
  56  4:40  SCV  
  56  4:43  Marine  
  60  4:49  Marine  
  60  4:51  SCV  
  62  4:58  Command Center  
  62  5:01  SCV  
  62  5:03  Medivac, Factory Reactor  
  62  5:04  Marine x2, Medivac  
  69  5:08  Engineering Bay  
  69  5:10  Engineering Bay, SCV  
  69  5:13  SCV  
  71  5:14  Marine  
  71  5:15  Refinery  
  72  5:43  Marine x3, Widow Mine  
  72  5:48  Supply Depot  
  72  5:49  Supply Depot, SCV  
  78  5:52  Refinery  
  78  5:54  Widow Mine  
  78  5:55  SCV  
  81  6:00  Marine x2  
  79  6:13  Marine  
  79  6:18  Marine x2  
  79  6:20  Orbital Command  
  79  6:22  Medivac x2  
  79  6:23  SCV x2  
  87  6:28  Supply Depot  
  87  6:31  Marine, Widow Mine x2  
  92  6:35  SCV x2  
  92  6:36  Marine x2  
  95  6:47  SCV x2  
  95  6:49  Marine  
  95  6:54  Marine x2  
  98  6:59  SCV  
  96  7:02  SCV  
  100  7:13  Armory  
  100  7:14  Barracks  
  100  7:15  Barracks x3  
Show
View Real Time Build Order
Export as new Build Order

blackxored Zerg 

Build Orders: Hatch First 

Get SALT Encoding   

  12  0:01  Drone  
  13  0:12  Drone  
  14  0:18  Overlord  
  14  0:27  Extractor  
  14  0:28  Drone  
  15  0:39  Drone x2  
  17  0:54  Hatchery  
  16  0:57  Drone  
  16  0:59  Drone  
  18  1:11  Extractor  
  18  1:16  Spawning Pool  
  17  1:18  Drone  
  17  1:21  Drone  
  18  1:30  Drone  
  19  1:39  Overlord  
  19  1:49  Drone  
  20  2:03  Queen  
  20  2:04  Zergling x2  
  20  2:07  Zergling x2  
  24  2:09  Queen  
  26  2:21  Zergling x2  
  27  2:25  Zergling x2, Hatchery  
  25  3:00  Drone x6  
  31  3:20  Metabolic Boost  
  31  3:26  Queen  
  32  3:27  Queen  
  32  3:29  Drone  
  35  3:40  Drone  
  36  3:55  Drone x5  
  41  3:58  Overlord  
  41  4:02  Overlord, Pneumatized Carapace  
  41  4:27  Drone x3  
  44  4:36  Drone x3  
  44  4:37  Drone  
  48  4:38  Drone  
  48  4:44  Queen  
  51  4:48  Drone x6  
  51  4:49  Overlord x2  
  51  4:50  Overlord x3  
  57  5:02  Overlord  
  57  5:10  Drone x4  
  61  5:15  Extractor  
  60  5:21  Lair  
  60  5:22  Drone x5  
  60  5:24  Extractor x2, Drone  
  64  5:31  Zergling x10  
  64  5:33  Extractor x2  
  62  5:39  Zergling x2  
  62  5:40  Zergling x2, Hatchery  
  52  5:44  Zergling x2  
  45  5:54  Zergling x2  
  45  5:55  Zergling x4  
  46  6:07  Zergling x12  
  47  6:18  Zergling x4, Drone  
  43  6:19  Zergling x2  
  46  6:28  Zergling x8  
  46  6:43  Zergling x6  
  46  6:47  Hatchery  
  47  6:49  Baneling Nest  
  34  7:02  Overseer  
Tags
 
Add a new tag
Caveats
  • Supply blocks, unpowered buildings, or Contaminate may cause inaccurate times.
  • Supply counts are checked every 10 seconds.